 Dungeon Crawl Stone Soup version 0.20.1-1-g8b1a95d (webtiles) character file.

838 Inchmeat the Basher (level 7, -4/50 HPs)
             Began as a Demonspawn Gladiator on Oct 18, 2017.
             Was a Believer of Ru.
             Killed by divine providence
             ... invoked by an orc priest
              (11 damage)
             ... on level 6 of the Dungeon.
             The game lasted 00:10:20 (5051 turns).

Inchmeat the Basher (Demonspawn Gladiator)          Turns: 5051, Time: 00:10:21

Health: -4/50      AC: 12    Str: 16    XL:     7   Next: 67%
Magic:  0/7        EV: 12    Int: 10    God:    Ru [**....]
Gold:   242        SH:  0    Dex: 14    Spells: 6/6 levels left

rFire    . . .     SeeInvis .   a - +0 flail
rCold    . . .     Gourm    .   (no shield)
rNeg     . . .     Faith    .   p - +0 ring mail
rPois    .         Spirit   +   (helmet restricted)
rElec    .         Reflect  .   (no cloak)
rCorr    +         Harm     .   (no gloves)
MR       .....                  c - +0 pair of boots
Stlth    +.........             (no amulet)
Regen    0.2/turn               k - ring of resist corrosion
MPRegen  0.1/turn               (no ring)

@: sanguine armour
A: antennae 2, magic shield, inability to use devices, sanguine armour 1
a: Renounce Religion


You were on level 6 of the Dungeon.
You worshipped Ru.
Ru was pleased with you.
You were hungry.

You visited 2 branches of the dungeon, and saw 6 of its levels.

You collected 242 gold pieces.

Inventory:

Hand Weapons
 a - a +0 flail (weapon)
 e - a +0 great mace
 v - a +1 antimagic whip
Missiles
 d - 3 throwing nets (quivered)
Armour
 b - a +0 leather armour
 c - a +0 pair of boots (worn)
 p - a +0 ring mail (worn)
Jewellery
 k - a ring of resist corrosion (left hand)
Wands
 o - a wand of paralysis (13/24)
Scrolls
 h - a scroll of immolation {unknown}
 l - a scroll of identify
 s - 2 scrolls of fog {unknown}
 t - 3 scrolls of remove curse {unknown}
 w - a scroll of blinking {unknown}
 x - a scroll of magic mapping {unknown}
Potions
 i - a potion of mutation {unknown}
 j - a potion of cancellation
 u - a potion of berserk rage {unknown}
Books
 q - a Young Poisoner's Handbook

   Spells                             Type                      Level
   a - Sting                          Conjuration/Poison           1
   b - Poisonous Vapours              Poison/Air                   2
   c - Mephitic Cloud                 Conjuration/Poison/Air       3
   d - Olgreb's Toxic Radiance        Poison                       4
   e - Venom Bolt                     Conjuration/Poison           5
 r - a book of Callings

   Spells                             Type                      Level
   a - Summon Small Mammal            Summoning                    1
   b - Call Imp                       Summoning                    2
   c - Call Canine Familiar           Summoning                    3
   d - Summon Guardian Golem          Hexes/Summoning              3
   e - Summon Lightning Spire         Summoning/Air                4
   f - Summon Ice Beast               Ice/Summoning                4
Comestibles
 f - 5 bread rations
 g - a royal jelly
 m - 4 fruits
 n - 2 meat rations


   Skills:
 - Level 2.0 Fighting
 * Level 8.3 Maces & Flails
 - Level 1.7 Throwing
 - Level 1.1 Armour
 - Level 2.6 Dodging


You had 6 spell levels left.
You didn't know any spells.

Dungeon Overview and Level Annotations

Branches:
Dungeon (6/15)             Temple (1/1) D:6

Altars:
Dithmenos
Elyvilon
Gozag
Nemelex Xobeh
Okawaru
Ru
Sif Muna
Xom
Zin
The Shining One

Annotations:
D:3 Natasha
D:5 Edmund


Innate Abilities, Weirdness & Mutations

You have a pair of antennae on your head.
When hurt, damage is shared between your health and your magic reserves.
You cannot study or use magical devices.
When seriously injured, your bleeding wounds create armour. (AC +6)


Message History

You redirect the orc priest's attack!
The orc priest hits you but does no damage.
The orc priest begins to pray, but is stunned by your will!
The bullfrog hits you.
The orc priest calls down the wrath of Beogh upon you.
Beogh smites you!
* * * LOW HITPOINT WARNING * * *
The bullfrog hits you but does no damage.
The orc barely misses you. The orc closely misses you. The bullfrog hits you!
* * * LOW HITPOINT WARNING * * *
You are feeling hungry.
The orc closely misses you. The bullfrog closely misses you.
The bullfrog closely misses you.
There is a stone staircase leading up here.
The bullfrog hits you but does no damage.
The orc barely misses you.
The bullfrog hits you but does no damage.
The orc priest calls down the wrath of Beogh upon you.
Beogh smites you!
You die...

.........Ha###.o{{{....#.#
≈≈≈≈≈.≈≈≈≈..#.####{........
≈≈≈;≈.≈≈≈≈.#.#...........##
≈≈≈≈≈o≈≈≈≈.###a###.###...#
≈≈≈≈≈.≈≈≈≈....o...H# ...#
...o..≈≈≈≈.........# ..#
≈≈≈≈..........oo...# ...
≈≈≈≈.≈≈≈≈≈...FFo...#
≈≈≈≈.≈≈≈≈≈....@...##
≈≈≈............
≈≈≈........####
.....####### ..... #####


You could see a hippogriff, 2 bullfrogs, a worker ant, an orc priest and 3 orcs.

Vanquished Creatures
  The ghost of felt the Ruffian, a novice DrTm (D:5)
  An ogre (D:6)
  A bullfrog (D:6)
  A vampire bat (D:6)
  A crimson imp (D:5)
  An orc priest (D:6)
  A bullfrog skeleton (D:6)
  3 worker ants
  Terence (D:2)
  A hound skeleton (D:6)
  A howler monkey skeleton (D:5)
  5 adders
  2 worms (D:2)
  3 dart slugs
  2 orcs (D:6)
  2 ball pythons (D:2)
  3 giant cockroaches
  4 hobgoblins
  7 jackals
  2 quokkas
  14 bats
  3 frilled lizards
  A giant cockroach zombie (D:6)
  7 goblins
  5 kobolds
  A quokka skeleton (D:5)
  7 rats
81 creatures vanquished.

Notes
Turn   | Place    | Note
-------+----------+-------------------------------------------
     0 | D:1      | Inchmeat the Demonspawn Gladiator began the quest for the Orb.
     0 | D:1      | Reached XP level 1. HP: 16/16 MP: 1/1
   211 | D:1      | Reached skill level 3 in Maces & Flails
   340 | D:1      | Gained mutation: When hurt, damage is shared between your health and your magic reserves. [demonic ancestry]
   340 | D:1      | Reached XP level 2. HP: 21/22 MP: 2/2
   857 | D:2      | Gained mutation: You have a pair of small antennae on your head. [demonic ancestry]
   857 | D:2      | Reached XP level 3. HP: 16/27 MP: 1/3
   960 | D:2      | Reached skill level 4 in Maces & Flails
  1150 | D:2      | Noticed Terence
  1595 | D:2      | Killed Terence
  1595 | D:2      | Reached skill level 1 in Armour
  1595 | D:2      | Reached XP level 4. HP: 20/33 MP: 4/4
  2365 | D:3      | Noticed Natasha
  2367 | D:3      | Noticed a centaur
  2749 | D:3      | You fall through a shaft for 3 floors!
  2749 | D:6      | Found a staircase to the Ecumenical Temple.
  2754 | Temple   | Entered the Ecumenical Temple
  2922 | Temple   | Became a worshipper of Ru the Awakened
  2961 | D:6      | Reached skill level 5 in Maces & Flails
  2961 | D:6      | Gained mutation: You have a pair of antennae on your head. [demonic ancestry]
  2961 | D:6      | Reached XP level 5. HP: 34/38 MP: 5/5
  3392 | D:5      | Entered Level 5 of the Dungeon
  3395 | D:5      | Noticed felt's ghost (novice DrTm)
  3428 | D:5      | Killed felt's ghost
  3428 | D:5      | Reached skill level 7 in Maces & Flails
  3428 | D:5      | Gained mutation: When seriously injured, your bleeding wounds create armour. (AC +6) [demonic ancestry]
  3428 | D:5      | Reached XP level 6. HP: 42/44 MP: 6/6
  3689 | D:5      | Reached XP level 7. HP: 50/50 MP: 7/7
  3742 | D:5      | Noticed Edmund
  4133 | D:5      | You fall through a shaft!
  4133 | D:6      | Noticed a hippogriff
  4418 | D:6      | Reached skill level 8 in Maces & Flails
  4985 | D:6      | Gained mutation: You cannot study or use magical devices. [Ru sacrifice]
  4985 | D:6      | Reached * piety under Ru
  4985 | D:6      | Reached ** piety under Ru
  5051 | D:6      | Killed from afar by an orc priest

Skill      XL: |  1  2  3  4  5  6  7 |
---------------+----------------------+-----
Maces & Flails | 3 4 5 7 8 |  8.3
Armour         | 1 |  1.1
Fighting       | |  2.0
Throwing       | |  1.7
Dodging        | |  2.6

Action                   |  1- 3 |  4- 6 |  7- 9 || total
-------------------------+-------+-------+-------++-------
Melee: Flail             |   117 |    99 |   127 ||   343
       Unarmed           |       |    29 |       ||    29
Invok: Sacrifice Artific |       |       |     1 ||     1
  Use: Potion            |     3 |     4 |       ||     7
       Scroll            |     1 |     3 |     2 ||     6
 Stab: Sleeping          |     2 |       |       ||     2
  Eat: Chunk             |     2 |     6 |     5 ||    13
Armor: Leather armour    |    43 |    15 |       ||    58
       Ring mail         |       |    28 |    52 ||    80
       Skin              |       |    20 |       ||    20
Dodge: Dodged            |   100 |    73 |    74 ||   247
